 Dungeon Crawl Stone Soup version 0.16.1-18-g436b03c (webtiles) character file.

140 masdan the Caller (level 5, -15/28 HPs)
             Began as a Deep Elf Summoner on Apr 30, 2015.
             Was an Initiate of Qazlal.
             Demolished by an ogre
             ... wielding a +0 giant club
              (30 damage)
             ... on level 4 of the Dungeon.
             The game lasted 00:31:31 (4056 turns).

masdan the Caller (Deep Elf Summoner)               Turns: 4056, Time: 00:31:32

Health: -15/28     AC:  2    Str:  5    XL:     5   Next: 2%
Magic:  11/18      EV: 13    Int: 21    God:    Qazlal [......]
Gold:   202        SH:  0    Dex: 15    Spells: 4 memorised, 2 levels left

rFire  . . .     SeeInvis .     v - +3 trident (freeze)
rCold  . . .     Clarity  .     l - +0 robe
rNeg   . . .     SustAb   .     (no shield)
rPois  .         Gourm    .     (no helmet)
rElec  .         Spirit   .     (no cloak)
rCorr  .         Warding  .     (no gloves)
rMut   .         Stasis   .     (no boots)
MR     .....                    w - amulet of rage
Stlth  ++........               (no ring)
                                r - ring of teleport control

@: not resistant to hostile enchantments, unstealthy
A: no striking features
a: Renounce Religion, Evoke Berserk Rage, Evoke Teleport Control


You were on level 4 of the Dungeon.
You worshipped Qazlal.
Qazlal was noncommittal.
You were not hungry.

You visited 1 branch of the dungeon, and saw 4 of its levels.

You collected 202 gold pieces.

Inventory:

Hand weapons
 v - a +3 trident of freezing (weapon)
 C - a +0 dagger
 E - a +0 club
 F - a +0 dagger
Missiles
 s - 18 sling bullets (quivered)
Armour
 a - a +0 robe
 l - a +0 robe (worn)
 m - a +0 robe
 n - a +0 robe
 x - a +0 robe
Jewellery
 p - an uncursed amulet of resist mutation
 r - a ring of teleport control (left hand)
 w - an amulet of rage (around neck)
Magical devices
 u - a wand of frost (24)
 y - a wand of polymorph (7)
Scrolls
 c - a scroll of identify {unknown}
 e - 2 scrolls of random uselessness {unknown}
 f - a scroll of recharging {unknown}
 j - a scroll of teleportation {unknown}
 k - a scroll of fear {unknown}
 t - a scroll of amnesia {unknown}
Potions
 d - a potion of lignification {unknown}
 g - a potion of ambrosia {unknown}
 i - a potion of restore abilities {unknown}
 o - a potion of poison {unknown}
 q - a potion of resistance {unknown}
 z - a potion of cancellation {unknown}
 A - a potion of flight {unknown}
 D - a potion of haste
Books
 b - a book of Callings

   Spells                             Type                      Level
   a - Summon Small Mammal            Summoning                    1
   b - Call Imp                       Summoning                    2
   c - Call Canine Familiar           Summoning                    3
   d - Summon Guardian Golem          Hexes/Summoning              4
   e - Summon Lightning Spire         Summoning/Air                4
   f - Summon Ice Beast               Ice/Summoning                4
Comestibles
 h - 2 meat rations
 B - 4 chunks of flesh


   Skills:
 - Level 2.7 Dodging
 - Level 2.6 Stealth
 - Level 4.2 Spellcasting
 - Level 5.7 Summonings
 * Level 2.0 Air Magic


You had 2 spell levels left.
You knew the following spells:

 Your Spells              Type           Power        Failure   Level  Hunger
a - Summon Small Mammal   Summ           ####         1%          1    None
b - Call Imp              Summ           ####....     1%          2    #......
c - Call Canine Familiar  Summ           ####....     3%          3    ###....
d - Summon Lightning Spi  Summ/Air       ###.....     28%         4    ####...


Dungeon Overview and Level Annotations

Branches:
Dungeon (4/15)
 Temple: D:4-7

Altars:
Nemelex Xobeh
Okawaru
Qazlal

Annotations:
D:4 Menkaure


Message History

Casting: Call Imp
Confirm with . or Enter, or press ? or * to list all spells.
The hound closely misses your crimson imp.
Your crimson imp hits the ogre.
The ogre hits you with a giant club!
The hound closely misses your crimson imp.
The hound bites your crimson imp. Menkaure breathes soot at you.
Your crimson imp hits the ogre.
Your quokka closely misses the ogre.
Use which ability? (? or * to list) Use which ability? (? or * to list) Use which ability? (? or * to list)
Okay, then.
The hound bites your crimson imp.
Your crimson imp hits the hound.
The hound misses your crimson imp.
Casting: Summon Small Mammal
Confirm with . or Enter, or press ? or * to list all spells.
Your crimson imp blinks!
The ogre hits you with a giant club!!
Ouch! That really hurt!
You die...

## .# .. ####.#
..#.# ######.#.#
###
#<...#.#.#....#
#...rrO@......#
#..ยง.#.#.######
.......5..........
....<.....M..#.#.#
#..#####...###.#.#
#. ...... .# #
.....##### ......
....


You could see an ogre, Menkaure, a friendly crimson imp and 2 friendly quokkas.

Vanquished Creatures
  An adder (D:3)
  A giant mite (D:3)
  3 orcs (D:3)
  3 goblins (D:3)
  2 hobgoblins
  A quokka (D:3)
  3 bats (D:2)
  A rat (D:2)
15 creatures vanquished.

Vanquished Creatures (collateral kills)
  An orc priest (D:3)
  Natasha (twice) (D:3)
  Ijyb (D:3)
  5 adders
  2 worms (D:2)
  2 giant geckos
  3 orcs (D:3)
  A ball python (D:1)
  4 giant cockroaches
  6 goblins
  7 hobgoblins
  An ooze (D:1)
  2 bats
  2 giant newts
  7 kobolds
  15 rats (D:1)
61 creatures vanquished.

Vanquished Creatures (others)
  2 crimson imps (D:3)
  6 hounds
  An iron imp (D:1)
  A shadow imp (D:3)
  A white imp (D:4)
  A bat (D:1)
  4 quokkas
  6 rats
22 creatures vanquished.

Grand Total: 98 creatures vanquished

Notes
Turn   | Place    | Note
--------------------------------------------------------------
     0 | D:1      | masdan, the Deep Elf Summoner, began the quest for the Orb.
     0 | D:1      | Reached XP level 1. HP: 10/10 MP: 5/5
   536 | D:1      | Reached XP level 2. HP: 15/15 MP: 4/8
   540 | D:1      | Learned a level 2 spell: Call Imp
  1010 | D:1      | Reached skill level 5 in Summonings
  1433 | D:2      | Reached XP level 3. HP: 17/19 MP: 4/11
  1472 | D:2      | Learned a level 3 spell: Call Canine Familiar
  1700 | D:2      | Found a stormy altar of Qazlal.
  1700 | D:2      | Noticed an air elemental
  1701 | D:2      | Noticed an earth elemental
  1701 | D:2      | Noticed a water elemental
  1701 | D:2      | Noticed a fire elemental
  1708 | D:2      | Became a worshipper of Qazlal Stormbringer
  2356 | D:3      | Reached XP level 4. HP: 5/24 MP: 3/15
  2719 | D:3      | Noticed Ijyb
  2737 | D:3      | Killed Ijyb
  2820 | D:3      | Learned a level 4 spell: Summon Lightning Spire
  2907 | D:3      | Noticed Natasha
  2922 | D:3      | Killed Natasha
  2922 | D:3      | Reached skill level 1 in Air Magic
  3092 | D:3      | Found an iron altar of Okawaru.
  3100 | D:3      | Found a sparkling altar of Nemelex Xobeh.
  3262 | D:3      | Noticed Natasha
  3343 | D:3      | Killed Natasha
  3761 | D:3      | Reached XP level 5. HP: 19/28 MP: 14/18
  4042 | D:4      | Noticed Menkaure
  4042 | D:4      | Noticed an ogre
  4056 | D:4      | Demolished by an ogre

Action                   |  1- 3 |  4- 6 || total
-------------------------+-------+-------++-------
Melee: Unarmed           |    12 |       ||    12
       Trident           |     3 |    27 ||    30
 Cast: Summon Small Mamm |    32 |    12 ||    44
       Call Imp          |    24 |    10 ||    34
       Call Canine Famil |     6 |    12 ||    18
Evoke: Wand              |       |     1 ||     1
 Stab: Sleeping          |       |     3 ||     3
  Eat: Chunk             |     5 |     2 ||     7
       Bread ration      |       |     1 ||     1
